 Dungeon Crawl Stone Soup version 0.29-a0-772-ga24da20 (webtiles) character file.

Game seed: 11684383885340667165

298 PurpleRed the Magician (level 6, -3/35 HPs)
             Began as a Deep Elf Brigand on July 2, 2022.
             Killed from afar by Dowan (20 damage)
             ... with a shard of ice
             ... on level 4 of the Dungeon.
             The game lasted 00:12:06 (1324 turns).

PurpleRed the Magician (Deep Elf Brigand)           Turns: 1324, Time: 00:12:06

Health: -3/35      AC:  7    Str:  8    XL:     6   Next: 13%
Magic:  18/18      EV: 10    Int: 18    God:
Gold:   167        SH:  0    Dex: 22    Spells: 19/20 levels left

rFire   . . .      SeeInvis .   m - +7 dagger of Breach {holy, rN+}
rCold   . . .      Faith    +   (no shield)
rNeg    + . .      Spirit   .   k - +0 ring mail
rPois   +          Reflect  .   (no helmet)
rElec   .          Harm     .   c - +1 cloak
rCorr   .          Rampage  .   (no gloves)
Will    .....                   (no boots)
Stlth   +++.......              n - amulet of faith
HPRegen 0.11/turn               g - +6 ring of dexterity
MPRegen 0.16/turn               h - ring of poison resistance

@: no status effects
A: no striking features
a: no special abilities


You were on level 4 of the Dungeon.
You visited 1 branch of the dungeon, and saw 5 of its levels.

You collected 167 gold pieces.

Inventory:

Hand Weapons
 a - a +2 dagger
 m - the +7 dagger of Breach (weapon) {holy, rN+}
   (You found it on level 3 of the Dungeon)

   It has been blessed by the Shining One to cause great damage to the undead
   and demons.
   rN:        It protects you from negative energy.
Missiles
 d - 5 poisoned darts (quivered)
 j - 6 boomerangs
Armour
 b - a +0 robe
 c - a +1 cloak (worn)
 k - a +0 ring mail (worn)
 o - a +0 leather armour
 p - a +2 scale mail of positive energy
 v - the +1 chain mail "Ehotoaxt" {rF+ rN++ Str+3}
   (You found it on level 4 of the Dungeon)

   Str:       It affects your strength (+3).
   rF:        It protects you from fire.
   rN:        It greatly protects you from negative energy.
Jewellery
 g - a +6 ring of dexterity (left hand)
 h - a ring of poison resistance (right hand)
 i - a ring of willpower
 n - an amulet of faith (around neck)
 t - a ring of protection from cold
Scrolls
 f - a scroll of teleportation
 l - a scroll of blinking
Potions
 q - a potion of magic
 s - a potion of lignification
 u - a potion of curing


   Skills:
 - Level 2.0 Fighting
 - Level 2.0 Short Blades
 - Level 2.0 Throwing
 - Level 1.2 Dodging
 - Level 4.8 Stealth
 * Level 7.8 Spellcasting


You had 19 spell levels left.
You knew the following spells:

 Your Spells              Type           Power      Damage    Failure   Level
a - Shock                 Conj/Air       28%        1d4       30%         1

Your spell library contained the following spells:

 Spells                   Type           Power      Damage    Failure   Level
 Necrotize                Necr           28%        1d5       30%         1
 Swiftness                Air            7%         N/A       67%         3
 Airstrike                Air            3%         0-2+      97%         4


Dungeon Overview and Level Annotations

Branches:
Dungeon (5/15)
 Temple: D:4-7

Altars:
Kikubaaqudgha
Sif Muna
Trog

Shops:
D:3 :

Annotations:
D:3 Terence
D:4 Dowan


Message History

Press: ? - help, Shift-Dir - straight line, f/p - Dowan
Aim: Dowan, wielding a +0 dagger and wearing a +0 robe (lightly wounded, fast, 56% to hit)
You throw a curare-tipped dart.
The curare-tipped dart closely misses Dowan.
Dowan shakes with grief.
Dowan gestures wildly while chanting.
Dowan blinks!
Things that are here:
a +0 short sword; a +0 chain mail Throw: dart (curare)
Press: ? - help, Shift-Dir - straight line, f/p - Dowan
Aim: Dowan, wielding a +0 dagger and wearing a +0 robe (lightly wounded, fast, 56% to hit)
You throw a curare-tipped dart. The curare-tipped dart hits Dowan.
Dowan is poisoned.
Dowan convulses.
Dowan seems to slow down.
Dowan is moderately wounded.
Dowan mumbles some strange words.
Dowan blinks!
You hit Dowan.
Dowan is heavily wounded.
Dowan closely misses you.
You closely miss Dowan.
Dowan is severely wounded.
Dowan shakes with grief.
Dowan hits you but does no damage.
You miss Dowan.
Dowan is severely wounded.
Dowan hits you but does no damage.
You hit Dowan.
Dowan is almost dead.
Dowan mumbles some strange words.
Dowan blinks!
Throw: 6 darts (poison)
Press: ? - help, Q - select action, (/) - cycle Shift-Dir - straight line, f/p - Dowan
Aim: Dowan, wielding a +0 dagger and wearing a +0 robe (almost dead, fast, very poisoned, slow, 56% to hit)
You throw a poisoned dart. The poisoned dart misses Dowan.
Dowan points at you and mumbles some strange words.
The shard of ice hits you!!
Ouch! That really hurt!
You die...

#.(#.....# # #..##...
#.....#.#.# ##..##...
#†..#..#.## #...###..
##....#..##. ###.......
#....J.....# #.........
#..#...#.######.....>...
#(######## #...........
#(###########...........
#(....§@...e..(.........
#############...........
##........##
#...........
##....#.#... #########.#
##


You could see Dowan (fast, very poisoned, slow).

Vanquished Creatures
  Duvessa (D:4)
  2 orc wizards (D:3)
  3 adders
  A white imp (D:3)
  A worm (D:3)
  A dart slug (D:4)
  2 orcs (D:3)
  2 ball pythons (D:4)
  2 bats (D:1)
  2 endoplasms
  3 giant cockroaches
  3 goblins
  3 hobgoblins
  2 kobolds
  A frilled lizard (D:2)
  9 rats
38 creatures vanquished.

Vanquished Creatures (collateral kills)
  A phantom (D:4)
1 creature vanquished.

Grand Total: 39 creatures vanquished

Notes
Turn   | Place    | Note
-------+----------+-------------------------------------------
     0 | D:1      | PurpleRed the Deep Elf Brigand began the quest for the Orb.
     0 | D:1      | Reached XP level 1. HP: 12/12 MP: 3/3
    59 | D:1      | Reached skill level 1 in Spellcasting
   152 | D:2      | Found an ancient bone altar of Kikubaaqudgha.
   198 | D:2      | Learned a level 1 spell: Shock
   239 | D:2      | Reached XP level 2. HP: 17/17 MP: 4/6
   249 | D:2      | Found a faded altar of an unknown god.
   310 | D:3      | Reached skill level 2 in Spellcasting
   327 | D:3      | Found Muton's Book Boutique.
   431 | D:3      | Reached skill level 3 in Spellcasting
   431 | D:3      | Reached XP level 3. HP: 7/21 MP: 0/10
   433 | D:3      | Reached skill level 4 in Spellcasting
   488 | D:3      | Identified the +7 dagger of Breach {holy, rN+}
   612 | D:3      | Found a shimmering blue altar of Sif Muna.
   617 | D:3      | HP: 1/21 [white imp (5)]
   619 | D:3      | Reached XP level 4. HP: 2/26 MP: 12/12
   620 | D:3      | Got Sif Muna's Catalogue of Evil Secrets
   625 | D:3      | Found a bloodstained altar of Trog.
   625 | D:3      | Noticed Terence
   812 | D:2      | Reached skill level 5 in Spellcasting
  1065 | D:4      | Noticed a phantom
  1082 | D:4      | Killed a phantom
  1083 | D:4      | Reached skill level 6 in Spellcasting
  1083 | D:4      | Reached XP level 5. HP: 30/30 MP: 14/16
  1143 | D:4      | Identified the +1 chain mail "Ehotoaxt" {rF+ rN++ Str+3}
  1165 | D:5      | Entered Level 5 of the Dungeon
  1198 | D:4      | Noticed Duvessa
  1213 | D:4      | Noticed Dowan
  1241 | D:4      | Killed Duvessa
  1242 | D:4      | Reached skill level 7 in Spellcasting
  1242 | D:4      | Reached XP level 6. HP: 35/35 MP: 16/18
  1324 | D:4      | Killed from afar by Dowan

Illustrated notes

Levels and vault maps discovered:
D:1:      minmay_arrival_stair_chambers, layout_basic,
          minmay_misc_feat_diagonals, hangedman_decor_peaks_small,
          minmay_rat_gold_closets
D:2:      layout_loops_cross, basic_altar,
          hellmonk_ecumenical_altar_pennies_from_heaven
D:3:      layout_loops_corners, nzn_overflow_gifts_of_might_and_magic,
          serial_shops, shop
D:4:      layout_cave_pools, temple_statues, hangedman_decor_opposing,
          minmay_increasing_density, uniq_duvessa
D:5:      layout_basic, kennysheep_mini, grunt_ministairs_15,
          hangedman_decor_riveting, nrook_loot_triangle, minmay_strange_pillars,
          serial_bayou_crossing, uniq_edmund

Skill      XL: |  1  2  3  4  5 |
---------------+----------------+-----
Spellcasting   | 1 3 4 6 7 |  7.8
Fighting       | 2 |  2.0
Short Blades   | |  2.0
Throwing       | |  2.0
Dodging        | |  1.2
Stealth        | |  4.8

Action                   |  1- 3 |  4- 6 || total
-------------------------+-------+-------++-------
Melee: Dagger            |    33 |    55 ||    88
Throw: Dart              |       |    19 ||    19
 Cast: Shock             |    13 |       ||    13
  Use: Potion            |     4 |       ||     4
       Scroll            |     1 |     8 ||     9
 Stab: Sleeping          |     7 |     7 ||    14
Armor: Robe              |     5 |       ||     5
       Ring mail         |     1 |    15 ||    16
Dodge: Dodged            |     7 |    22 ||    29

Table legend: (Time is in decaauts)
 A = Elapsed time spent in this place.
 B = Non-inter-level travel time spent in this place.
 C = Inter-level travel time spent in this place.
 D = Time resting spent in this place.
 E = Time spent auto-exploring this place.
 F = Levels seen in this place.
 G = Mean time per level.
                   A        B        C        D        E       F      G
               +--------+--------+--------+--------+--------+-----+--------+
         Total |   1314 |   1301 |     13 |      0 |      0 |   5 |  262.8 |
       Dungeon |   1314 |   1301 |     13 |      0 |      0 |   5 |  262.8 |
               +--------+--------+--------+--------+--------+-----+--------+

Top non-repeatable levels by time:
     D:3: 501 daAuts
     D:2: 327 daAuts
     D:4: 253 daAuts
     D:1: 228 daAuts
     D:5: 3 daAuts
